Map: Tierra azul EJ

Players

Taldan

  • Race: Protoss Protoss
  • League: Diamond
  • Spawn Location: 1:00

Marte - Winner!

  • Race: Zerg Zerg
  • League: Diamond
  • Spawn Location: 7:00

VOD

Have the link to the VOD?

Description

Time

  • Played on: Sept. 1, 2018, 7:49 p.m.
  • Length: 18:33
Show
View Real Time Build Order
Export as new Build Order

Taldan Protoss 

Build Orders: Cannon Rush 

Get SALT Encoding   

  12  0:01  Probe  
  13  0:13  Probe  
  14  0:18  Pylon  
  14  0:25  Probe  
  15  0:36  Forge  
  15  0:44  Pylon  
  15  0:59  Probe  
  16  1:12  Photon Cannon  
  16  1:13  Gateway  
  16  1:16  Assimilator  
  16  1:20  Probe  
  17  1:35  Photon Cannon  
  17  1:37  Assimilator  
  17  1:52  Photon Cannon  
  17  2:01  Cybernetics Core, Probe  
  18  2:09  Probe  
  19  2:23  Pylon  
  19  2:27  Probe  
  19  2:28  Stalker  
  20  2:31  Assimilator  
  20  2:39  Probe  
  23  2:47  Probe  
  24  3:04  Robotics Facility  
  24  3:09  Shield Battery  
  24  3:21  Stalker  
  26  3:39  Shield Battery  
  26  3:45  Probe  
  27  3:57  Probe  
  26  4:03  Stalker  
  26  4:04  Immortal  
  28  4:40  Probe  
  29  4:52  Probe  
  27  5:00  Pylon  
  27  5:04  Probe  
  27  5:14  Probe  
  25  5:22  Probe  
  25  5:25  Stalker  
  28  5:42  Immortal  
  32  5:45  Probe  
  28  5:58  Shield Battery  
  26  6:23  Photon Cannon  
  25  6:47  Probe  
  26  6:55  Probe  
  26  7:00  Immortal  
  31  7:04  Sentry  
  33  7:35  Probe  
  36  7:43  Adept  
  36  7:45  Warp Prism  
  36  7:47  Probe  
  39  8:21  Observer  
  40  8:30  Stalker  
  40  8:34  Gateway  
  40  8:37  Immortal, Shield Battery  
  40  8:39  Photon Cannon  
  40  8:42  Shield Battery  
  40  8:45  Shield Battery  
  44  8:53  Observer  
  44  9:00  Stalker  
  46  9:07  Shield Battery  
  46  9:09  Photon Cannon  
  46  9:23  Stalker  
  46  9:41  Pylon  
  46  9:59  Immortal  
  48  10:22  Stalker  
  48  10:23  Stalker  
  52  10:31  Robotics Bay  
  52  10:56  Immortal  
  55  11:13  Shield Battery  
  54  11:36  Warp Gate  
  54  11:40  Pylon  
  54  11:45  Disruptor  
  54  11:48  Pylon  
  47  12:13  Disruptor  
  46  12:26  Shield Battery  
  46  12:27  Shield Battery  
  46  12:40  Stalker x2  
  50  12:55  Disruptor  
  50  13:21  Nexus  
  50  13:23  Assimilator  
  50  13:27  Disruptor, Assimilator  
  39  13:56  Warp Prism  
  39  14:06  Probe  
  42  14:18  Probe, Stalker  
  45  14:30  Probe  
  34  14:42  Probe  
  35  14:54  Disruptor, Probe  
  35  14:59  Probe  
  40  15:11  Probe  
  41  15:23  Probe  
  41  15:25  Disruptor  
  44  16:02  Disruptor  
  46  16:28  Disruptor  
  38  17:02  Stalker x2  
  42  17:14  Probe  
  39  17:22  Probe  
  39  17:32  Probe  
Show
View Real Time Build Order
Export as new Build Order

Marte Zerg - Winner!

Build Orders: Pool First 

Get SALT Encoding   

  12  0:01  Drone  
  13  0:17  Extractor  
  12  0:24  Spawning Pool  
  11  0:33  Drone  
  12  0:43  Drone  
  12  0:44  Overlord  
  13  0:57  Drone  
  14  1:11  Zergling x2  
  14  1:12  Zergling x2  
  14  1:17  Zergling x2  
  17  1:22  Metabolic Boost  
  17  1:27  Zergling x2  
  18  1:38  Zergling x2  
  18  1:52  Spine Crawler  
  18  2:01  Zergling x4  
  19  2:33  Roach Warren  
  16  2:38  Drone  
  16  2:39  Drone x2  
  19  2:44  Lair  
  19  2:50  Spine Crawler  
  18  2:54  Drone  
  19  3:18  Zergling x4  
  20  4:18  Zergling x2  
  20  4:19  Overlord  
  21  4:41  Overlord  
  21  4:42  Drone  
  21  4:43  Drone  
  21  5:04  Queen  
  21  5:15  Zergling x2  
  21  5:16  Zergling x4  
  24  5:29  Zergling x2  
  23  6:06  Drone x3  
  26  6:16  Burrow  
  26  6:22  Nydus Network  
  25  6:36  Zergling x4  
  27  6:52  Roach x2  
  31  7:00  Nydus Canal  
  31  7:13  Ravager  
  31  7:14  Ravager  
  33  7:38  Hatchery  
  33  7:43  Drone x6  
  38  7:45  Overlord  
  38  7:49  Hydralisk Den  
  38  7:51  Extractor  
  36  8:08  Overlord x2  
  36  8:12  Drone  
  37  8:13  Drone  
  38  8:30  Hydralisk x5  
  47  8:50  Hydralisk x3  
  52  8:59  Muscular Augments  
  52  9:00  Drone  
  52  9:01  Drone x2, Queen  
  57  9:13  Extractor  
  57  9:16  Extractor  
  54  9:26  Drone  
  54  9:27  Drone x5  
  59  9:36  Spine Crawler  
  59  9:37  Drone x2  
  60  9:39  Roach x2  
  60  9:41  Glial Reconstitution  
  63  10:00  Hydralisk x2  
  63  10:05  Spore Crawler  
  63  10:07  Spine Crawler  
  67  10:12  Overlord x2  
  63  10:19  Grooved Spines  
  59  10:22  Roach x4  
  65  10:49  Hydralisk x3  
  65  10:59  Spore Crawler  
  58  11:07  Hydralisk  
  58  11:08  Zergling x16  
  62  11:30  Hydralisk x3  
  62  11:32  Hydralisk  
  67  11:36  Zergling x4  
  71  11:52  Zergling x2  
  71  11:53  Zergling x10  
  56  12:19  Hydralisk  
  56  12:20  Hydralisk x2, Zergling x2  
  56  12:21  Zergling x6  
  61  12:27  Nydus Canal  
  60  12:40  Zergling x8  
  60  12:52  Hydralisk x4  
  68  13:02  Hydralisk  
  68  13:03  Hydralisk x3  
  62  13:15  Hydralisk x5  
  62  13:16  Baneling Nest  
  63  13:34  Roach x4  
  71  13:45  Hydralisk x3, Zergling x2  
  66  13:58  Queen  
  66  14:00  Spine Crawler, Overlord x2  
  67  14:08  Baneling x5  
  67  14:20  Hydralisk  
  67  14:21  Hydralisk x3  
  72  14:32  Ravager  
  72  14:34  Drone x3  
  76  14:48  Spine Crawler  
  76  14:49  Spine Crawler  
  76  14:50  Spine Crawler  
  73  15:13  Drone x2  
  74  15:14  Drone  
  65  15:36  Hydralisk x6  
  77  15:49  Ravager x2  
  79  15:51  Overlord  
  54  16:11  Hydralisk x5  
  66  16:25  Nydus Canal  
  58  16:40  Spine Crawler  
  58  16:42  Zergling x8  
  48  16:56  Zergling x8  
  48  17:22  Hydralisk  
  48  17:23  Hydralisk x3  
  48  17:26  Queen  
  50  17:42  Roach x6  
  62  17:50  Infestation Pit  
  48  17:59  Zergling x2  
  48  18:00  Zergling x10  
Tags
 
Add a new tag
Caveats
  • Supply blocks, unpowered buildings, or Contaminate may cause inaccurate times.
  • Supply counts are checked every 10 seconds.